 Dungeon Crawl Stone Soup version 0.29.1-15-g9cfb28693d (webtiles) character file.

Game seed: 12420822164841443811

22906 protoss039 the Fighter (level 12, -3/97 HPs)
             Began as a Demonspawn Earth Elementalist on Mar 13, 2023.
             Was an Elder of Vehumet.
             Shot with a bolt by a minotaur (17 damage)
             ... in a Gauntlet.
             The game lasted 00:36:32 (18185 turns).

protoss039 the Fighter (DsEE)                      Turns: 18185, Time: 00:36:33

Health: -3/97      AC: 15    Str:  8    XL:     12   Next: 67%
Magic:  19/25      EV: 13    Int: 24    God:    Vehumet [****..]
Gold:   696        SH:  0    Dex: 15    Spells: 13/29 levels left

rFire   + . .      SeeInvis +   O - +5 whip (venom)
rCold   . . .      Faith    .   (no shield)
rNeg    + . .      Spirit   .   B - +2 robe {Will+}
rPois   .          Reflect  .   n - +2 hat of the Fife {+Blink rF+ Dex-2 SInv}
rElec   .          Harm     .   (no cloak)
rCorr   +          Rampage  +   x - +1 pair of gloves
Will    +....      NoTele   +   r - +2 pair of boots {rampage}
Stlth   ++........              (no amulet)
HPRegen 0.26/turn               t - ring of Nedoad {rN+ rCorr Int+3 Dex+2 SInv}
MPRegen 0.19/turn               h - +4 ring of slaying

@: studying Polearms
A: yellow scales 2, powered by death 2
a: Renounce Religion, Evoke Blink


You were in a Gauntlet.
You worshipped Vehumet.
Vehumet was greatly pleased with you.
You visited 2 branches of the dungeon, and saw 14 of its levels.
You also visited: Gauntlet.

You collected 696 gold pieces.

Inventory:

Hand Weapons
 i - a +4 scimitar of flaming
 G - the +6 sling of Beloved Subterfuge {freeze, +Blink Str-3 Dex-3 SInv}
   (You found it on level 7 of the Dungeon)

   Any ammunition fired from it freezes those it strikes, dealing additional
   cold damage.
   It can also slow down cold-blooded creatures.
   Str:       It affects your strength (-3).
   Dex:       It affects your dexterity (-3).
   SInv:      It lets you see invisible.
   +Blink:    It lets you blink.
 O - a +5 whip of venom (weapon)
Armour
 n - the +2 hat of the Fife (worn) {+Blink rF+ Dex-2 SInv}
   (You found it in a Gauntlet)

   Dex:       It affects your dexterity (-2).
   rF:        It protects you from fire.
   SInv:      It lets you see invisible.
   +Blink:    It lets you blink.
 r - a +2 pair of boots of rampaging (worn)
 x - a +1 pair of gloves (worn)
 B - a +2 robe of willpower (worn)
 F - a scarf of invisibility
 L - +0 steam dragon scales
 N - a +2 hat of see invisible
 P - +0 storm dragon scales
Jewellery
 e - a ring of flight
 g - a ring of ice
 h - a +4 ring of slaying (right hand)
 t - the ring of Nedoad (left hand) {rN+ rCorr Int+3 Dex+2 SInv}
   (You took it off a gnoll on level 4 of the Dungeon)

   [ring of see invisible]

   Int:       It affects your intelligence (+3).
   Dex:       It affects your dexterity (+2).
   rN:        It protects you from negative energy.
   SInv:      It lets you see invisible.
   rCorr:     It protects you from acid and corrosion.
 E - a ring of willpower
 I - a ring of positive energy
Wands
 d - a wand of digging (9)
 o - a wand of roots (3)
 J - a wand of mindburst (13)
Scrolls
 a - 4 scrolls of amnesia
 c - 3 scrolls of immolation
 j - 2 scrolls of fog
 k - 4 scrolls of poison
 p - a scroll of blinking
 q - a scroll of fear {unknown}
 y - 3 scrolls of magic mapping
Potions
 b - 2 potions of magic
 f - 2 potions of mutation {unknown}
 m - 2 potions of invisibility
 s - a potion of degeneration {unknown}
 u - 3 potions of attraction {unknown}
 w - 2 potions of brilliance {unknown}
 z - 2 potions of berserk rage
 A - 3 potions of might
 C - 3 potions of lignification
 D - a potion of cancellation {unknown}
 H - 2 potions of heal wounds
 M - 3 potions of curing
Miscellaneous
 l - a box of beasts


   Skills:
 + Level 9.7 Fighting
 + Level 7.1 Armour
 - Level 3.0 Dodging
 - Level 3.0 Stealth
 + Level 9.1 Spellcasting
 + Level 9.4 Conjurations
 + Level 0.0 Necromancy
 * Level 0.8 Transmutations
 - Level 3.0 Fire Magic
 - Level 3.0 Air Magic
 + Level 9.4 Earth Magic


You had 13 spell levels left.
You knew the following spells:

 Your Spells              Type           Power      Damage    Failure   Level
a - Sandblast             Erth           100%       2d20      1%          1
b - Passwall              Tmut/Erth      29%        N/A       1%          2
c - Stone Arrow           Conj/Erth      100%       3d13      1%          3
d - Static Discharge      Conj/Air       40%        3-8/arc   1%          2
e - Fireball              Conj/Fire      20%        3d10      3%          5
f - Vampiric Draining     Necr           11%        2d6       17%         3

Your spell library contained the following spells:

 Spells                   Type           Power      Damage    Failure   Level
 Poisonous Vapours        Pois/Air       36%        N/A       1%          2
 Lightning Bolt           Conj/Air       20%        1d35      3%          5
 Airstrike                Air            12%        2d(2-18)  4%          4
 Slow                     Hex            44%        N/A       6%          1
 Petrify                  Tmut/Erth      35%        N/A       7%          4
 Confusing Touch          Hex            11%        N/A       17%         3
 Ozocubu's Armour         Ice            11%        N/A       17%         3
 Portal Projectile        Hex/Tloc       22%        N/A       17%         3
 Tukima's Dance           Hex            11%        N/A       17%         3
 Summon Lightning Spire   Summ/Air       18%        N/A       30%         4
 Corpse Rot               Necr/Pois/Air  15%        N/A       36%         4
 Blade Hands              Tmut           7%         N/A       75%         5
 Metabolic Englaciation   Hex/Ice        5%         N/A       85%         5
 Simulacrum               Ice/Necr       5%         N/A       100%        6


Dungeon Overview and Level Annotations

Branches:
Dungeon (13/15) Zot: 26724  Temple (1/1) D:5 Zot: 5562    Lair (0/5) D:11
    Orc (0/2) D:11        Gauntlet (1/1) Zot: 5669
 Vaults: D:13-14

Altars:
Ashenzari
Cheibriados
Dithmenos
Fedhas
Gozag
Hepliaklqana
Kikubaaqudgha
Makhleb
Nemelex Xobeh
Okawaru
Qazlal
Ru
Sif Muna
Trog
Uskayaw
Vehumet
Wu Jian
Xom
Yredelemnul

Shops:
D:1 !   D:6 *   D:11 (

Portals:
Trove: D:10 (give 5 scrolls of fear)

Annotations:
D:5 2 transporters, Sigmund; Weresquid's ghost, novice TeAE
D:7 exclusion: ice statue
D:9 Gastronok Gauntlet 6 transporters


Innate Abilities, Weirdness & Mutations

You are mostly covered in yellow scales. (AC +3)
You regenerate health from kills.


Message History

Here: a minotaur, wielding a +2 triple crossbow of freezing, wearing a +0 plate armour, wearing the ring "Inines" {rPois Int+6 Dex+3 SInv} and quivering javelins (wandering, hasn't noticed you)
Items here: " )) = [[[ ||.
A gate leading back out of this place.
Unknown command.
Aiming: Mindburst
Press: ? - help, Shift-Dir - straight line, f - minotaur
Aim: a minotaur, wielding a +2 triple crossbow of freezing, wearing a +0 plate armour, wearing the ring "Inines" {rPois Int+6 Dex+3 SInv} and quivering javelins (wandering, hasn't noticed you, chance to affect: 6%)
Okay, then.
Aiming: Fastroot
Press: ? - help, Shift-Dir - straight line, f - minotaur
Aim: a minotaur, wielding a +2 triple crossbow of freezing, wearing a +0 plate armour, wearing the ring "Inines" {rPois Int+6 Dex+3 SInv} and quivering javelins (wandering, hasn't noticed you)
The roots erupt in riotous growth!
The minotaur bellows!
Roots grab the minotaur.
The grasping roots constrict the minotaur, but do no damage.
The minotaur shoots a bolt.
The bolt hits you!! The bolt freezes you.
Unknown command.
Unknown command.
Casting: Stone Arrow (safe; 1% risk of failure)
Confirm with . or Enter, or press ? or * to list all spells.
Aiming: Stone Arrow (safe; 1% risk of failure)
Press: ? - help, Shift-Dir - straight line, f/p - minotaur
Aim: a minotaur, wielding a +2 triple crossbow of freezing, wearing a +0 plate armour, wearing the ring "Inines" {rPois Int+6 Dex+3 SInv} and quivering javelins (constricted by roots, 100% to hit)
The stone arrow hits the minotaur!
The minotaur is lightly wounded.
The grasping roots constrict the minotaur.
The roots release their grip on the minotaur.
The minotaur shoots a bolt.
The bolt hits you! The bolt freezes you!
Unknown command.
Casting: Stone Arrow (safe; 1% risk of failure)
Confirm with . or Enter, or press ? or * to list all spells.
Aiming: Stone Arrow (safe; 1% risk of failure)
Press: ? - help, Shift-Dir - straight line, f/p - minotaur
Aim: a minotaur, wielding a +2 triple crossbow of freezing, wearing a +0 plate armour, wearing the ring "Inines" {rPois Int+6 Dex+3 SInv} and quivering javelins (moderately wounded, 89% to hit)
The stone arrow hits the minotaur.
The minotaur is moderately wounded.
The minotaur shoots a bolt.
The bolt hits you!!!
* * * LOW HITPOINT WARNING * * *
The bolt freezes you!
You die...

#≈8§#..#|..#
#######...#..#©..#
#....##.8.#..#...#
#.##.##...#..#..##
#.##....8.#..#.##.
#.##.##...#..#.... # #
#....##...#..#####
#≈≈.#.#.##.##.©.#§......
#≈H...'@##......#∩......
#≈≈.#.#.##.##.©.#§......
# # #....##...#..#####
#.##.##...#..#....
#.##....8.#..#..##
#.##.##...#..#..#.
#....##.8.#..#[.## #####
...#..#©.#. 8§#..#=.##


You could see a minotaur.

Vanquished Creatures
  2 hydras
  3 boulder beetles
  Erica (D:8)
  A centaur warrior (D:13)
  4 two-headed ogres
  4 ugly things (D:12)
  Pikel (D:5)
  A cyclops (D:11)
  A manticore (D:13)
  2 centaur zombies (D:12)
  A torpor snail (Gauntlet)
  Psyche (D:8)
  3 kobold demonologists (D:12)
  An unseen horror (D:11)
  Maggie (D:9)
  3 trolls
  8 wraiths
  4 shadows
  10 yaks
  A spriggan (D:7)
  A water elemental (D:11)
  2 vampires
  A steam dragon (D:6)
  2 acid dragons
  2 water moccasins
  7 orc warriors
  An ice beast (D:5)
  2 ogres
  4 wolves (D:11)
  5 centaurs
  A phantom (D:6)
  7 kobold brigands
  A necrophage (D:5)
  3 bullfrogs
  2 gnoll sergeants (D:9)
  A scorpion (D:6)
  7 wights
  16 killer bees
  9 electric eels (D:11)
  8 howler monkeys
  10 orc priests
  8 hounds
  7 jellies
  5 iguanas
  10 orc wizards
  Robin (D:3)
  15 gnolls
  14 adders
  2 shadow imps
  3 white imps
  An ufetubus (D:5)
  3 worms (D:6)
  4 dart slugs
  44 orcs
  3 bats
  4 endoplasms
  A giant cockroach (D:6)
  22 goblins
  12 hobgoblins
  2 jackals (D:5)
  3 quokkas
  8 ball pythons
  4 frilled lizards
  25 kobolds
  6 rats
352 creatures vanquished.

Vanquished Creatures (collateral kills)
  A yak (D:10)
1 creature vanquished.

Vanquished Creatures (others)
  A yak (D:10)
  4 fungi (Gauntlet)
  10 plants (Gauntlet)
  4 withered plants (D:12)
19 creatures vanquished.

Grand Total: 372 creatures vanquished

Notes
Turn   | Place    | Note
-------+----------+-------------------------------------------
     0 | D:1      | protoss039 the Demonspawn Earth Elementalist began the
                  | quest for the Orb.
     0 | D:1      | Reached XP level 1. HP: 13/13 MP: 3/3
   261 | D:1      | Found Vunuiph's Distillery.
   262 | D:1      | Found a faded altar of an unknown god.
   274 | D:1      | Gained mutation: You regenerate a little health from kills.
                  | [demonic ancestry]
   274 | D:1      | Reached XP level 2. HP: 13/20 MP: 0/5
   484 | D:1      | Reached skill level 1 in Fighting
  1030 | D:1      | Learned a level 2 spell: Passwall
  1109 | D:2      | Gained mutation: You regenerate health from kills. [demonic
                  | ancestry]
  1109 | D:2      | Reached XP level 3. HP: 26/26 MP: 3/6
  1387 | D:2      | Found an iron altar of Okawaru.
  1799 | D:3      | Noticed Robin
  1801 | D:3      | Reached XP level 4. HP: 33/33 MP: 8/8
  1908 | D:3      | Killed Robin
  2287 | D:3      | Reached XP level 5. HP: 39/39 MP: 9/9
  2336 | D:3      | Learned a level 3 spell: Stone Arrow
  2626 | D:4      | Identified the ring of Nedoad {rN+ rCorr Int+3 Dex+2 SInv}
  2632 | D:4      | Reached skill level 1 in Armour
  2649 | D:4      | Reached skill level 1 in Conjurations
  2686 | D:4      | Gained mutation: You are partially covered in yellow
                  | scales. (AC +2) [demonic ancestry]
  2686 | D:4      | Reached XP level 6. HP: 15/46 MP: 8/10
  3684 | D:5      | Entered Level 5 of the Dungeon
  3762 | D:5      | Found a snail-covered altar of Cheibriados.
  3785 | D:5      | Reached XP level 7. HP: 42/52 MP: 8/12
  4082 | D:5      | Noticed Sigmund
  4396 | D:5      | Found a transporter.
  4412 | D:5      | Noticed Weresquid's ghost (novice TeAE)
  4463 | D:5      | Found a transporter.
  4687 | D:5      | Found a staircase to the Ecumenical Temple.
  4834 | D:5      | Found a basalt altar of Yredelemnul.
  4841 | D:5      | Gained mutation: You are mostly covered in yellow scales.
                  | (AC +3) [demonic ancestry]
  4841 | D:5      | Reached XP level 8. HP: 46/60 MP: 10/14
  5422 | Temple   | Entered the Ecumenical Temple
  5832 | Temple   | Became a worshipper of Vehumet
  6192 | D:6      | Reached skill level 5 in Earth Magic
  6258 | D:6      | Noticed Pikel
  6336 | D:5      | Killed Pikel
  6337 | D:5      | Reached skill level 5 in Armour
  6413 | D:6      | Reached XP level 9. HP: 17/61 MP: 2/16
  6543 | D:6      | Reached * piety under Vehumet
  6543 | D:6      | Offered knowledge of Magic Dart by Vehumet.
  6557 | D:6      | Found Kootof's Elemental Accessories.
  6589 | D:6      | Reached skill level 5 in Spellcasting
  6874 | D:6      | Reached skill level 5 in Fighting
  8545 | D:7      | Noticed an ice statue
  8555 | D:7      | HP: 2/68 [ice statue/bolt of cold (12)]
  8825 | D:7      | Noticed a two-headed ogre
  8832 | D:7      | Killed a two-headed ogre
  8833 | D:7      | Reached skill level 5 in Conjurations
  8915 | D:7      | Identified the +6 sling of Beloved Subterfuge {freeze,
                  | +Blink Str-3 Dex-3 SInv}
  9528 | D:8      | Noticed Erica
  9534 | D:8      | Killed Erica
  9535 | D:8      | Reached XP level 10. HP: 77/77 MP: 4/19
  9892 | D:8      | Noticed a two-headed ogre
  9925 | D:8      | Killed a two-headed ogre
 10037 | D:8      | Noticed Psyche
 10042 | D:8      | Killed Psyche
 10043 | D:8      | Offered knowledge of Shock by Vehumet.
 10147 | D:8      | Reached ** piety under Vehumet
 10779 | D:9      | Noticed a two-headed ogre
 10788 | D:9      | Killed a two-headed ogre
 10897 | D:9      | Noticed Gastronok
 11505 | D:9      | Noticed Maggie
 11511 | D:9      | Killed Maggie
 11512 | D:9      | Reached XP level 11. HP: 79/85 MP: 7/22
 11989 | D:10     | Entered Level 10 of the Dungeon
 11997 | D:10     | Offered knowledge of Static Discharge by Vehumet.
 12006 | D:10     | Learned a level 2 spell: Static Discharge
 12171 | D:10     | Found a transporter.
 12172 | D:10     | Found a transporter.
 12172 | D:10     | Noticed a boulder beetle
 12464 | D:10     | Reached *** piety under Vehumet
 12736 | D:10     | Reached skill level 1 in Air Magic
 12810 | D:10     | Found a portal to a secret trove of treasure.
 13235 | D:10     | Found an ornate altar of the Wu Jian Council.
 13235 | D:10     | Found a bloodstained altar of Trog.
 13241 | D:10     | Found a faded altar of an unknown god.
 13243 | D:10     | Found a shimmering blue altar of Sif Muna.
 13245 | D:10     | Found an ancient bone altar of Kikubaaqudgha.
 13722 | D:10     | Killed a boulder beetle
 14430 | D:11     | Offered knowledge of Hailstorm by Vehumet.
 14497 | D:11     | Found Zetei's Weapon Shoppe.
 14686 | D:11     | Found a broken altar of Ashenzari.
 14848 | D:11     | Found a staircase to the Lair.
 15011 | D:11     | Reached **** piety under Vehumet
 15152 | D:11     | Offered knowledge of Fireball by Vehumet.
 15271 | D:11     | Found a staircase to the Orcish Mines.
 15457 | D:11     | Learned a level 5 spell: Fireball
 15473 | D:12     | Reached skill level 1 in Fire Magic
 15576 | D:12     | Noticed a green ugly thing
 15584 | D:12     | Killed a green ugly thing
 15717 | D:12     | Noticed a boulder beetle
 15751 | D:12     | Killed a boulder beetle
 15752 | D:12     | Reached XP level 12. HP: 86/94 MP: 11/24
 15753 | D:12     | Noticed a two-headed ogre
 15758 | D:12     | Killed a two-headed ogre
 16228 | D:12     | Noticed a rakshasa
 16803 | D:12     | Noticed a boulder beetle
 17411 | D:12     | Killed a boulder beetle
 17728 | D:13     | Noticed a centaur warrior
 17730 | D:13     | Noticed a four-headed hydra
 17740 | D:13     | Killed a centaur warrior
 17743 | D:13     | Killed a four-headed hydra
 17834 | D:13     | Found a gate leading to a gauntlet.
 17843 | Gauntlet | Entered a Gauntlet
 17843 | Gauntlet | Found a transporter.
 17843 | Gauntlet | Found a transporter.
 17846 | Gauntlet | Found a transporter.
 17847 | Gauntlet | Found a transporter.
 17848 | Gauntlet | Found a transporter.
 17857 | Gauntlet | Found a transporter.
 17861 | Gauntlet | Found a transporter.
 17863 | Gauntlet | Noticed a seven-headed hydra
 17873 | Gauntlet | Found a transporter.
 17878 | Gauntlet | Found a transporter.
 17897 | Gauntlet | Found a transporter.
 17899 | Gauntlet | Found a transporter.
 17909 | Gauntlet | Found a transporter.
 18094 | Gauntlet | Killed a seven-headed hydra
 18102 | Gauntlet | Identified the +2 hat of the Fife {+Blink rF+ Dex-2 SInv}
 18182 | Gauntlet | Learned a level 3 spell: Vampiric Draining
 18182 | Gauntlet | Identified the ring "Inines" {rPois Int+6 Dex+3 SInv}
 18182 | Gauntlet | Noticed a minotaur
 18185 | Gauntlet | Shot with a bolt by a minotaur

Illustrated notes

Levels and vault maps discovered:
D:1:      sevenhm_arrival_forest_fort_large_4, layout_basic, serial_shops,
          shop_fountains, basic_ecumenical_altar, serial_curves, eino_curves_04,
          eino_curves_04
D:2:      layout_basic, basic_altar
D:3:      layout_rooms, grunt_ministairs_6, minmay_diced_spiral, uniq_robin
D:4:      layout_loops_cross, nrook_uturn, chequers_jeans
D:5:      layout_loops_corners, minmay_temple_entry_poolview,
          gammafunk_ghost_stat_death, hangedman_feature_mirror, uniq_sigmund
D:6:      layout_basic, gup_sewer_entry_spiral, chequers_serial_rivers_small_a,
          nicolae_elemental_shop, hangedman_decor_growths,
          chequers_serial_rivers_micro_d, uniq_pikel
D:7:      lemuel_ice_statue, layout_basic, minmay_misc_feat_chi, the_hattery
D:8:      layout_loops_cross, enter_bailey_6, uniq_psyche, uniq_erica
D:9:      layout_irregular_city, uniq_maggie, uniq_gastronok
D:10:     gammafunk_boulding_lane, layout_gridville,
          chequers_temple_overflow_minitemple, enter_trove_0, minivault_24
D:11:     statuecave_lemuel, layout_basic, erik_lair_island, erik_orc_2,
          serial_shops, shop, cheibrodos_ashenzari_chains
D:12:     layout_irregular_city, serial_undead, serial_undead_f,
          serial_undead_b, serial_undead_a, serial_undead_a
D:13:     layout_stronghold, gauntlet_entry_generic, minmay_liquid_box,
          minmay_statue_bubble, uniq_nessos
Temple:   hc_temple_tempest_star
Gauntlet: gammafunk_gauntlet_hard_choice [gammafunk_gauntlet_arena_arrow_garden,
          gammafunk_gauntlet_arena_chambers, nicolae_gauntlet_arena_blocks,
          gammafunk_gauntlet_arena_crates, gammafunk_gauntlet_arena_split_x,
          gammafunk_gauntlet_arena_teeth, gauntlet_exit_watery]

Skill      XL: |  1  2  3  4  5  6  7  8  9 10 11 12 |
---------------+-------------------------------------+-----
Fighting       | 1 2 3 4 6 7 8 9 |  9.7
Earth Magic    | 3 4 5 6 7 8 9 |  9.4
Spellcasting   | 3 4 6 7 8 9 |  9.1
Dodging        | 2 3 |  3.0
Armour         | 1 2 3 5 6 7 |  7.1
Conjurations   | 1 2 3 5 7 8 9 |  9.4
Stealth        | 3 |  3.0
Air Magic      | 3 |  3.0
Fire Magic     | 1 3 |  3.0
Transmutations | |  0.8

Action                   |  1- 3 |  4- 6 |  7- 9 | 10-12 || total
-------------------------+-------+-------+-------+-------++-------
Melee: Dagger            |    44 |   157 |    55 |    24 ||   280
       Punch             |       |       |     2 |     1 ||     3
       Whip              |       |       |       |    16 ||    16
 Fire: Sling             |       |       |     3 |       ||     3
 Cast: Sandblast         |    41 |    32 |    81 |   142 ||   296
       Stone Arrow       |       |       |    61 |   219 ||   280
       Passwall          |       |       |     2 |     3 ||     5
       Fireball          |       |       |       |     2 ||     2
Evoke: Wand              |       |       |       |    26 ||    26
  Use: Scroll            |       |     3 |     5 |    15 ||    23
       Potion            |       |       |     4 |     1 ||     5
Armor: Robe              |     7 |       |     9 |   125 ||   141
       Leather armour    |     1 |       |       |       ||     1
       Ring mail         |    25 |    73 |    82 |       ||   180
Dodge: Dodged            |    39 |    99 |   110 |   224 ||   472
